 Dungeon Crawl Stone Soup version 0.24.0-123-gd5b16e6ec5 (webtiles) character file.

Game seed: 9698723685857340605, levelgen mode: deterministic

971 Emblim88 the Cudgeler (level 7, -1/71 HPs)
             Began as a Troll Berserker on Jan 13, 2020.
             Was an Elder of Trog.
             Slain by an iguana (2 damage)
             ... on level 5 of the Dungeon.
             The game lasted 00:09:17 (4319 turns).

Emblim88 the Cudgeler (Troll Berserker)             Turns: 4319, Time: 00:09:18

Health: -1/71      AC:  6    Str: 28    XL:     7   Next: 94%
Magic:  6/6        EV:  1    Int:  3    God:    Trog [****..]
Gold:   251        SH:  0    Dex: -21 (9) Spells: 6/6 levels left

rFire    . . .     SeeInvis .   l - +0 giant club
rCold    . . .     Gourm    +   (shield currently unavailable)
rNeg     . . .     Faith    .   d - +0 robe {MR+}
rPois    .         Spirit   .   (helmet restricted)
rElec    .         Reflect  .   (no cloak)
rCorr    .         Harm     .   (gloves unavailable)
MR       +....                  (boots unavailable)
Stlth    ..........             (no amulet)
HPRegen  0.61/turn              (no ring)
MPRegen  0.10/turn              (no ring)

@: slowed, lost dexterity, lightly drained, very slow
A: large, unfitting armour, claws 3, fast metabolism 3, gourmand, regeneration
1, shaggy fur 1, tough skin 3
a: Berserk, Trog's Hand, Brothers in Arms, Renounce Religion


You were on level 5 of the Dungeon.
You worshipped Trog.
Trog was greatly pleased with you.
You were full.

You visited 1 branch of the dungeon, and saw 5 of its levels.

You collected 251 gold pieces.

Inventory:

Hand Weapons
 a - a +0 flail of draining
 l - a +0 giant club (weapon)
 s - a +0 mace of draining
 t - a +2 mace of protection
 v - a +1 shortbow of velocity
Missiles
 m - 15 poisoned darts (quivered)
 w - 19 arrows
Armour
 d - a +0 robe of magic resistance (worn)
Scrolls
 b - a scroll of enchant armour {unknown}
 g - 5 scrolls of remove curse
 i - 2 scrolls of immolation {unknown}
 k - a scroll of enchant weapon {unknown}
 n - a scroll of identify
 o - a scroll of magic mapping
 p - a scroll of fog {unknown}
 r - 2 scrolls of noise {unknown}
 u - a scroll of fear {unknown}
Potions
 e - 2 potions of invisibility
 f - 3 potions of curing
 h - a potion of agility
 j - a potion of berserk rage
 q - a potion of flight
Comestibles
 c - 12 rations


   Skills:
 + Level 4.3(3.9) Fighting
 * Level 6.3(5.8) Maces & Flails
 + Level 4.4(3.9) Dodging
 + Level 2.0(1.6) Unarmed Combat


You had 6 spell levels left.
You didn't know any spells.
Your spell library was empty.

Dungeon Overview and Level Annotations

Branches:
Dungeon (5/15)
 Temple: D:4-7

Altars:
Ashenzari
Makhleb
Okawaru
Ru
The Shining One


Innate Abilities, Weirdness & Mutations

You are too large for most types of armour.
You have claws for hands.
Your metabolism is lightning-fast.
You like to eat raw meat.
Your natural rate of healing is unusually fast.
You are covered in fur. (AC +1)
You have extremely tough skin. (AC +3)


Message History

You are too injured to fight recklessly!
You are too injured to fight recklessly!
Your black bear goes berserk!
You feel somewhat less full. The howler monkey hits you.
* * * LOW HITPOINT WARNING * * *
The crimson imp hits you.
* * * LOW HITPOINT WARNING * * *
The iguana bites you.
* * * LOW HITPOINT WARNING * * *
The howler monkey hits you.
* * * LOW HITPOINT WARNING * * *
The crimson imp hits you.
* * * LOW HITPOINT WARNING * * *
You feel better. The iguana bites you!
* * * LOW HITPOINT WARNING * * *
The howler monkey hoots and howls with incredible vigour!
The crimson imp hits you.
* * * LOW HITPOINT WARNING * * *
The iguana bites you.
You die...

#............
#########..##########
# #..............#
###.##.....###..###.#
...........# #..# #.#
###.##.....# #..# #.#
## #.....# #..###.##
....###5.####.......#
.......h@....#.###.##
....###l.h.....###.#
## ##...........#
#####.####### #.# #.#
#.# #.. ###


You could see a howler monkey, an iguana, a crimson imp and a friendly black
bear (berserk).

Vanquished Creatures
  A black bear (D:5)
  A phantom (D:4)
  An ogre (D:4)
  A centaur (D:5)
  A howler monkey (D:4)
  A quasit (D:5)
  An orc priest (D:4)
  3 hounds (D:4)
  4 worker ants
  5 orc wizards
  Robin (D:3)
  3 gnolls (D:2)
  6 adders
  A worm (D:2)
  3 dart slugs
  A leopard gecko (D:1)
  12 orcs
  2 giant cockroaches
  18 goblins
  10 hobgoblins
  5 jackals (D:2)
  3 quokkas (D:2)
  2 ball pythons (D:4)
  8 bats
  6 frilled lizards
  A jackal skeleton (D:4)
  A jackal zombie (D:5)
  10 kobolds
  2 leopard gecko skeletons (D:4)
  10 rats
124 creatures vanquished.

Notes
Turn   | Place    | Note
-------+----------+-------------------------------------------
     0 | D:1      | Emblim88 the Troll Berserker began the quest for the Orb.
     0 | D:1      | Reached XP level 1. HP: 22/22 MP: 0/0
   189 | D:1      | Reached skill level 3 in Maces & Flails
   192 | D:1      | Reached XP level 2. HP: 11/29 MP: 1/1
   796 | D:1      | Reached ** piety under Trog
   802 | D:1      | Reached XP level 3. HP: 36/36 MP: 2/2
  1317 | D:2      | Reached XP level 4. HP: 35/44 MP: 3/3
  1450 | D:2      | Found a glowing golden altar of the Shining One.
  1498 | D:2      | Reached skill level 4 in Maces & Flails
  1870 | D:2      | Reached *** piety under Trog
  1888 | D:2      | Reached XP level 5. HP: 18/53 MP: 4/4
  2304 | D:3      | Noticed Robin
  2312 | D:3      | Killed Robin
  2471 | D:3      | Reached **** piety under Trog
  2737 | D:4      | Reached XP level 6. HP: 53/61 MP: 5/5
  2816 | D:4      | Reached skill level 5 in Maces & Flails
  3241 | D:4      | Reached XP level 7. HP: 35/68 MP: 6/6
  3482 | D:4      | Found a shattered altar of Ashenzari.
  3482 | D:4      | Found a burning altar of Makhleb.
  3483 | D:4      | Found an iron altar of Okawaru.
  3675 | D:4      | Found a sacrificial altar of Ru.
  3799 | D:4      | Reached skill level 1 in Unarmed Combat
  3870 | D:5      | Entered Level 5 of the Dungeon
  3961 | D:5      | Reached skill level 6 in Maces & Flails
  4060 | D:5      | Lost dexterity.
  4319 | D:5      | HP: 1/71 [crimson imp (4)]
  4319 | D:5      | Slain by an iguana

Levels and vault maps discovered:
D:1:      dpeg_arrival_ratfight, layout_basic, corexii_hall_statues_u,
          grunt_decor_resistance
D:2:      layout_loops_corners, lemuel_doored_altar
D:3:      layout_rooms, uniq_robin
D:4:      layout_basic, nicolae_overflow_quartered_altars, first_ration
D:5:      layout_loops_ring, lemuel_coloured_pillars_altar, serial_shops, shop,
          basic_altar, led_sif_book

Skill      XL: |  1  2  3  4  5  6  7 |
---------------+----------------------+-----
Maces & Flails | 3 4 5 6 |  6.3
Dodging        | 3 4 |  4.4
Fighting       | 3 4 |  4.3
Unarmed Combat | 2 |  2.0

Action                   |  1- 3 |  4- 6 |  7- 9 || total
-------------------------+-------+-------+-------++-------
Melee: Mace              |   122 |   226 |       ||   348
       Giant club        |       |    56 |   138 ||   194
Invok: Berserk           |       |     4 |     2 ||     6
       Brothers in Arms  |       |       |     1 ||     1
  Use: Potion            |       |     2 |     2 ||     4
       Scroll            |       |       |     8 ||     8
  Eat: Chunk             |    18 |    21 |    11 ||    50
Armor: Robe              |    58 |   140 |   348 ||   546
       Animal skin       |     1 |       |       ||     1
Dodge: Dodged            |    60 |   182 |   156 ||   398
